 Dungeon Sprint DCSS version 0.22-a0-542-gce4f928 (webtiles) character file.

38814 George the Fencer (level 13, -6/133 HPs)
             Began as a Minotaur Fighter on June 24, 2018.
             Was the Champion of Makhleb.
             Mangled by a vampire knight
             ... wielding a +3 halberd
              (17 damage)
             ... in the Dungeon (Sprint IX: "|||||||||||||||||||||||||||||").
             The game lasted 00:12:42 (2701 turns).

George the Fencer (Minotaur Fighter)                Turns: 2701, Time: 00:12:43

Health: -6/133     AC: 24    Str: 27    XL:     13   Next: 65%
Magic:  23/23      EV: 16    Int:  5    God:    Makhleb [******]
Gold:   1912       SH: 23    Dex: 12    Spells: 12/12 levels left

rFire    . . .     SeeInvis .   p - +2 scimitar (freeze)
rCold    . . .     Gourm    .   E - +1 large shield
rNeg     . . .     Faith    .   v - +3 chain mail {rPois}
rPois    +         Spirit   .   (helmet restricted)
rElec    .         Reflect  .   (no cloak)
rCorr    .         Harm     .   a - +0 pair of gloves
MR       .....     NoTele   +   c - +1 pair of boots
Stlth    ..........             (no amulet)
HPRegen  0.32/turn              q - +2 ring of protection
MPRegen  0.18/turn              r - +3 ring of strength

@: no status effects
A: retaliatory headbutt, horns 2
a: Minor Destruction, Lesser Servant of Makhleb, Major Destruction, Greater
Servant of Makhleb, Renounce Religion


You were in the Dungeon.
You worshipped Makhleb.
Makhleb was exalted by your worship.
You were not hungry.

You visited 1 branch You collected 1912 gold pieces.

Inventory:

Hand Weapons
 p - a +2 scimitar of freezing (weapon)
 y - a +1 war axe of flaming
 D - a +1 double sword
Armour
 a - a +0 pair of gloves (worn)
 c - a +1 pair of boots (worn)
 v - a +3 chain mail of poison resistance (worn)
 E - a +1 large shield (worn)
 H - +1 fire dragon scales
Jewellery
 q - a +2 ring of protection (left hand)
 r - a +3 ring of strength (right hand)
 z - an uncursed ring of ice
 A - an uncursed ring of protection from cold
 B - an uncursed ring of ice
 C - an uncursed ring of poison resistance
Wands
 o - a wand of acid (3)
Scrolls
 b - 3 scrolls of fear
 k - 3 scrolls of blinking
 m - 5 scrolls of remove curse
 n - 2 scrolls of amnesia
 w - a scroll of fog
 F - 2 scrolls of enchant armour
 G - 2 scrolls of enchant weapon
Potions
 d - 2 potions of might
 e - 8 potions of curing
 g - 3 potions of heal wounds
 h - 3 potions of haste
 i - 4 potions of magic
 j - a potion of berserk rage
 l - a potion of invisibility
 t - a potion of brilliance
 u - a potion of resistance
 x - 2 potions of mutation
Comestibles
 f - 12 rations


   Skills:
 + Level 17.5 Fighting
 + Level 18.9 Long Blades
 + Level 17.6 Armour
 + Level 16.2 Dodging
 + Level 17.6 Shields
 + Level 14.9 Invocations


You had 12 spell levels left.
You didn't know any spells.
Your spell library was empty.

Dungeon Overview and Level Annotations

Branches:
Dungeon (1/1)

Altars:
Cheibriados
Dithmenos
Elyvilon
Fedhas
Gozag
Hepliaklqana
Kikubaaqudgha
Makhleb
Nemelex Xobeh
Okawaru
Qazlal
Ru
Sif Muna
Trog
Uskayaw
Vehumet
Wu Jian
Xom
Yredelemnul
Zin
The Shining One
Beogh
Jiyva
Lugonu

Shops:
D (}?!


Innate Abilities, Weirdness & Mutations

You reflexively headbutt those who attack you in melee.
You have a pair of horns on your head.


Message History

The redback bites you but does no damage.
Something hits you. Something bites you but does no damage.
The redback bites you but does no damage.
Something hits you! Something completely misses you.
The redback barely misses you. Something hits you! Something bites you.
Something draws strength from your injuries!
The redback completely misses you. Something hits you! Something bites you.
Something draws strength from your injuries!
The redback bites you but does no damage.
The sphinx mumbles some strange words.
Something smites you!
* * * LOW HITPOINT WARNING * * *
Something hits you!!
* * * LOW HITPOINT WARNING * * *
Something bites you but does no damage.
The redback bites you but does no damage.
You can move again.
A demon appears!
You block the redback's attack. Something hits you!
You die...

.▓.▓.▓.▓[▓.▓.▓.▓.▓
.▓.▓.▓.▓.▓.▓.▓.▓G▓
.▓.▓.▓.▓.▓.▓.▓.▓D▓
†▓.▓)▓.▓)▓.▓.▓.▓H▓
.▓.▓)▓.▓)▓.▓.▓.▓T▓
.▓.▓)▓.▓)▓.▓.▓.▓c▓
.▓.▓)▓(▓)▓.▓.▓.▓D▓
.▓.▓)▓.▓)▓.▓.▓.▓s▓
.▓.▓)▓.▓)▓.▓.▓.▓@▓
(▓.▓[▓.▓)▓.▓)▓.▓{▓
[▓.▓)▓.▓.▓.▓[▓.▓1▓
.▓.▓)▓)▓.▓.▓)▓.▓.▓
.▓.▓.▓.▓.▓.▓.▓.▓.▓
.▓.▓.▓.▓.▓.▓.▓.▓.▓
.▓.▓.▓.▓.▓.▓.▓.▓.▓
.▓.▓.▓.▓'▓.▓.▓.▓.▓
.▓.▓.▓.▓.▓.▓.▓.▓.▓


You could see a fire dragon, an ice dragon, a sphinx, a great orb of eyes, a
deep troll earth mage, a yaktaur, a redback shaped shifter and a friendly
Executioner.

Vanquished Creatures
  Rupert (D)
  A thorn hunter (D)
  A nagaraja (D)
  An emperor scorpion (D)
  A stone giant (D)
  A very ugly thing (D)
  Snorg (D)
  A hydra (D)
  Harold (D)
  2 centaur warriors (D)
  An anaconda (D)
  2 two-headed ogres (D)
  A tengu warrior (D)
  A merfolk avatar (D)
  An alligator (D)
  Nergalle (D)
  A shambling mangrove (D)
  An unseen horror (D)
  2 orc sorcerers (D)
  2 orb spiders (D)
  An ugly thing (D)
  An oklob plant (D)
  11 orc knights (D)
  3 manticores (D)
  A moth of wrath (D)
  2 black mambas (D)
  2 guardian serpents (D)
  Psyche (D)
  A merfolk siren (D)
  2 naga magi (D)
  7 spiny frogs (D)
  A demonic crawler (D)
  4 komodo dragons (D)
  A yaktaur (D)
  A meliai (D)
  3 merfolk (D)
  2 wind drakes (D)
  2 jumping spiders (D)
  A slime creature (D)
  A tyrant leech (D)
  2 hornets (D)
  A dream sheep (D)
  2 blink frogs (D)
  A tarantella (D)
  3 yaks (D)
  2 wyverns (D)
  A basilisk (shapeshifter) (D)
  A basilisk (D)
  A naga (D)
  3 water moccasins (D)
  A soldier ant (D)
  2 sky beasts (D)
  A swamp drake (D)
  19 orc warriors (D)
  A porcupine (D)
  A boggart (D)
  A wolf (D)
  A centaur (D)
  A crocodile (D)
  2 bullfrogs (D)
  A jelly (D)
  2 orc priests (D)
  2 orc wizards (D)
  A gnoll (D)
  A shadow imp (D)
  An adder skeleton (D)
  6 orcs (D)
  A bat skeleton (D)
  A goblin (D)
  2 kobolds (D)
  A quokka (D)
  A leopard gecko skeleton (D)
  2 rats (D)
141 creatures vanquished.

Vanquished Creatures (collateral kills)
  A hydra (D)
  A salamander (D)
2 creatures vanquished.

Vanquished Creatures (others)
  A tengu conjurer (D)
  A bog body (D)
2 creatures vanquished.

Grand Total: 145 creatures vanquished

Notes
Turn   | Place    | Note
-------+----------+-------------------------------------------
     0 | D        | George the Minotaur Fighter began the quest for the Orb.
     0 | D        | Reached XP level 1. HP: 19/19 MP: 0/0
     4 | D        | Reached skill level 3 in Long Blades
    10 | D        | Reached skill level 4 in Long Blades
    84 | D        | Noticed a jelly
    88 | D        | Reached skill level 6 in Long Blades
    88 | D        | Reached XP level 2. HP: 22/26 MP: 1/1
    90 | D        | Reached skill level 8 in Long Blades
    90 | D        | Reached XP level 3. HP: 9/31 MP: 2/2
    94 | D        | Reached skill level 9 in Long Blades
   317 | D        | Found a roughly hewn altar of Beogh.
   317 | D        | Found a snail-covered altar of Cheibriados.
   317 | D        | Found a shadowy altar of Dithmenos.
   317 | D        | Found a white marble altar of Elyvilon.
   317 | D        | Found a blossoming altar of Fedhas.
   317 | D        | Found an opulent altar of Gozag.
   318 | D        | Found a hazy altar of Hepliaklqana.
   319 | D        | Found a viscous altar of Jiyva.
   320 | D        | Found an ancient bone altar of Kikubaaqudgha.
   321 | D        | Found a corrupted altar of Lugonu.
   322 | D        | Found a burning altar of Makhleb.
   323 | D        | Found a sparkling altar of Nemelex Xobeh.
   324 | D        | Found an iron altar of Okawaru.
   325 | D        | Found a stormy altar of Qazlal.
   326 | D        | Found a sacrificial altar of Ru.
   327 | D        | Found a deep blue altar of Sif Muna.
   328 | D        | Found a bloodstained altar of Trog.
   329 | D        | Found a hide-covered altar of Uskayaw.
   330 | D        | Became a worshipper of Makhleb the Destroyer
   331 | D        | Found a radiant altar of Vehumet.
   332 | D        | Found an ornate altar of the Wu Jian Council.
   333 | D        | Found a shimmering altar of Xom.
   334 | D        | Found a basalt altar of Yredelemnul.
   335 | D        | Found a glowing silver altar of Zin.
   336 | D        | Found a glowing golden altar of the Shining One.
   371 | D        | Noticed a sky beast
   371 | D        | Noticed a yak
   375 | D        | Killed a yak
   375 | D        | Reached skill level 5 in Fighting
   375 | D        | Reached skill level 10 in Long Blades
   375 | D        | Reached skill level 5 in Armour
   375 | D        | Reached skill level 5 in Shields
   375 | D        | Reached XP level 4. HP: 42/44 MP: 2/5
   375 | D        | Reached XP level 5. HP: 47/50 MP: 2/6
   387 | D        | Killed a sky beast
   387 | D        | Reached XP level 6. HP: 50/58 MP: 3/8
   388 | D        | Reached * piety under Makhleb
   405 | D        | Killed an unseen horror
   405 | D        | Reached ** piety under Makhleb
   405 | D        | Reached skill level 11 in Long Blades
   405 | D        | Reached skill level 5 in Invocations
   405 | D        | Reached XP level 7. HP: 15/68 MP: 5/10
   663 | D        | Noticed a manticore
   663 | D        | Noticed a two-headed ogre
   666 | D        | Killed a two-headed ogre
   666 | D        | Reached skill level 12 in Long Blades
   666 | D        | Reached XP level 8. HP: 67/78 MP: 10/12
   683 | D        | Killed a manticore
   683 | D        | Reached *** piety under Makhleb
   683 | D        | Reached skill level 10 in Armour
   683 | D        | Reached skill level 10 in Shields
   683 | D        | Reached XP level 9. HP: 62/85 MP: 11/13
   686 | D        | Reached skill level 10 in Fighting
   859 | D        | Noticed a komodo dragon
   859 | D        | Noticed a spiny frog
   859 | D        | Noticed a black mamba
   860 | D        | Noticed a komodo dragon
   868 | D        | Killed a black mamba
   870 | D        | Killed a spiny frog
   870 | D        | Reached **** piety under Makhleb
   870 | D        | Reached skill level 13 in Long Blades
   875 | D        | Killed a komodo dragon
   886 | D        | Reached ***** piety under Makhleb
   891 | D        | Killed a komodo dragon
   896 | D        | Reached skill level 10 in Dodging
  1007 | D        | Noticed a komodo dragon
  1010 | D        | Noticed a komodo dragon
  1015 | D        | Killed a komodo dragon
  1015 | D        | Reached XP level 10. HP: 96/96 MP: 15/15
  1019 | D        | Noticed an eight-headed hydra
  1028 | D        | Reached ****** piety under Makhleb
  1029 | D        | Noticed an oklob plant
  1033 | D        | Reached skill level 14 in Long Blades
  1044 | D        | Killed an eight-headed hydra
  1063 | D        | Killed an oklob plant
  1063 | D        | Reached skill level 10 in Invocations
  1104 | D        | Noticed a spiny frog
  1104 | D        | Noticed a spiny frog
  1104 | D        | Noticed a spiny frog
  1107 | D        | Noticed a spiny frog
  1119 | D        | Killed a spiny frog
  1124 | D        | Killed a spiny frog
  1127 | D        | Killed a spiny frog
  1134 | D        | Killed a spiny frog
  1217 | D        | Noticed Psyche
  1228 | D        | Killed Psyche
  1228 | D        | Reached XP level 11. HP: 106/106 MP: 17/17
  1278 | D        | Reached skill level 15 in Long Blades
  1284 | D        | Noticed an orc knight
  1307 | D        | Killed an orc knight
  1312 | D        | Noticed an orc knight
  1328 | D        | Killed an orc knight
  1362 | D        | Noticed an orc knight
  1362 | D        | Noticed an orc knight
  1362 | D        | Noticed an orc sorcerer
  1367 | D        | Noticed an orc sorcerer
  1374 | D        | Killed an orc sorcerer
  1376 | D        | Noticed an orc knight
  1379 | D        | Killed an orc knight
  1385 | D        | Killed an orc knight
  1398 | D        | Killed an orc sorcerer
  1405 | D        | Killed an orc knight
  1513 | D        | Found Vumeoch's Distillery.
  1513 | D        | Noticed an orc knight
  1513 | D        | Noticed an orc knight
  1513 | D        | Noticed an orc knight
  1513 | D        | Noticed an orc knight
  1518 | D        | Killed an orc knight
  1523 | D        | Killed an orc knight
  1523 | D        | Reached skill level 16 in Long Blades
  1523 | D        | Killed an orc knight
  1524 | D        | Found Kemiunes's Magic Scroll Shop.
  1526 | D        | Noticed an orc knight
  1535 | D        | Killed an orc knight
  1538 | D        | Found Ronuekuc's Gadget Boutique.
  1540 | D        | Noticed an orc knight
  1550 | D        | Killed an orc knight
  1557 | D        | Killed an orc knight
  1564 | D        | Found Kelou's Weapon Shop.
  1669 | D        | Noticed Harold
  1681 | D        | Killed Harold
  1681 | D        | Reached XP level 12. HP: 94/118 MP: 20/20
  1792 | D        | Found the +6 Majin-Bo {vamp, Archmagi MP+6 Int+6}
  1802 | D        | Found the +10 Black Knight's horse barding {ponderous, rPois rN+}
  1909 | D        | Noticed a two-headed ogre
  1909 | D        | Noticed a centaur warrior
  1917 | D        | Killed a centaur warrior
  1931 | D        | Killed a two-headed ogre
  1931 | D        | Reached skill level 15 in Armour
  1931 | D        | Reached skill level 15 in Shields
  1957 | D        | Reached skill level 15 in Fighting
  1958 | D        | Noticed a purple very ugly thing
  1960 | D        | Noticed a centaur warrior
  1961 | D        | Noticed a stone giant
  1972 | D        | Killed a purple very ugly thing
  1984 | D        | Killed a stone giant
  1984 | D        | Reached skill level 17 in Long Blades
  1995 | D        | Killed a centaur warrior
  2145 | D        | Noticed a nagaraja
  2171 | D        | Killed a nagaraja
  2201 | D        | Noticed an anaconda
  2210 | D        | Killed an anaconda
  2327 | D        | Noticed a merfolk avatar
  2339 | D        | Killed a merfolk avatar
  2358 | D        | Reached skill level 15 in Dodging
  2367 | D        | Reached XP level 13. HP: 119/129 MP: 22/22
  2413 | D        | Reached skill level 18 in Long Blades
  2438 | D        | Noticed a thorn hunter
  2455 | D        | Killed a thorn hunter
  2482 | D        | Noticed an emperor scorpion
  2509 | D        | Killed an emperor scorpion
  2563 | D        | Noticed Snorg
  2565 | D        | Noticed Rupert
  2572 | D        | Killed Snorg
  2578 | D        | Killed Rupert
  2591 | D        | Noticed Nergalle
  2619 | D        | Killed Nergalle
  2681 | D        | Noticed a fire dragon
  2681 | D        | Noticed a vampire knight
  2682 | D        | Noticed a sphinx
  2693 | D        | Paralysed by something for 7 turns
  2701 | D        | Mangled by a vampire knight

Vault maps used:
D:        linesprint

Skill      XL: |  1  2  3  4  5  6  7  8  9 10 11 12 13 |
---------------+----------------------------------------+-----
Long Blades    | 6 8 10 11 12 13 14 16 17 18 | 18.9
Fighting       | 5 6 8 9 11 12 14 16 17 | 17.5
Armour         | 5 6 8 9 10 11 13 14 16 17 | 17.6
Dodging        | 3 4 6 7 8 10 11 13 15 16 | 16.2
Shields        | 5 6 8 9 10 11 12 14 16 17 | 17.6
Invocations    | 3 4 5 6 7 9 10 12 13 14 | 14.9

Action                   |  1- 3 |  4- 6 |  7- 9 | 10-12 | 13-15 || total
-------------------------+-------+-------+-------+-------+-------++-------
Melee: Long sword        |    22 |       |       |       |       ||    22
       Headbutt          |     6 |     4 |    14 |    90 |    41 ||   155
       Scimitar          |     4 |    24 |    71 |   377 |   142 ||   618
Invok: Lesser Servant of |       |       |       |     3 |     2 ||     5
       Minor Destruction |       |       |       |     1 |       ||     1
       Greater Servant o |       |       |       |       |     1 ||     1
Evoke: Wand              |       |       |       |     5 |     2 ||     7
  Eat: Chunk             |       |       |       |     5 |     2 ||     7
Armor: Scale mail        |     5 |    16 |     5 |       |       ||    26
       Chain mail        |       |       |     5 |    37 |    51 ||    93
Dodge: Dodged            |     5 |     1 |    12 |    68 |    47 ||   133
Block: Shield            |     9 |     5 |    24 |    83 |       ||   121
       Large shield      |       |       |       |   128 |   143 ||   271
       Rpst.: Long sword |     1 |       |       |       |       ||     1
       Scimitar          |       |     1 |     2 |    12 |     7 ||    22

Table legend:
 A = Spawn XP
 B = Non-spawn XP
 C = Spawn XP percentage of total XP
 D = Spawn monster count
 E = Non-spawn monster count
 F = Spawn count percentage of total count
 G = Total turns spent on level
                    A         B        C        D         E        F      G
               +---------+---------+-------+---------+---------+-------+---------
         Total |       0 |   55449 |   0.0 |       0 |     144 |   0.0 |  2701
               +---------+---------+-------+---------+---------+-------+---------
             D |       0 |   55449 |   0.0 |       0 |     144 |   0.0 |  2701
               +---------+---------+-------+---------+---------+-------+---------
